[ AOE2 MATCH · #473070041 ]
UnrankedBritons vs Britons
[ REPLAY ANALYSIS · EXTRACTED FROM THE RECORDED GAME ]
Feudal
10:37
Castle
—
Imperial
—
| APM avg | 11.0 |
| APM peak | 17 |
| eAPM avg | 8.6 |
| Villagers / military | 34 / 0 |
Focus
⚔️ 3.5% · 🌾 96.5%
Feudal
—
Castle
—
Imperial
—
| APM avg | 29.6 |
| APM peak | 87 |
| eAPM avg | 7.6 |
| Villagers / military | 25 / 0 |
Focus
⚔️ 0.0% · 🌾 100.0%
Feudal
—
Castle
—
Imperial
—
| APM avg | 36.8 |
| APM peak | 101 |
| eAPM avg | 11.1 |
| Villagers / military | 43 / 0 |
Focus
⚔️ 1.0% · 🌾 99.0%
Feudal
10:28
Castle
—
Imperial
—
| APM avg | 11.0 |
| APM peak | 26 |
| eAPM avg | 7.4 |
| Villagers / military | 25 / 0 |
Focus
⚔️ 2.6% · 🌾 97.4%
Match map
Initial resources + every placement click. Lines = walls · curves = elevation contours. ◆ gold · ⬟ stone · ● berries · ✦ relic · ◌ wall gap
Your base· Open — unwalled flank
dhlcool's base· Open — unwalled flank
LynchLord911's base· Open — unwalled flank
东哥's base· Open — unwalled flank
Smoothed initial terrain · ◌ = detected wall gap · hover for details
Inputs per minute
— hzy - - dhlcool
Build order — hzy
44 actions detected in the replay
| 0:03 | Create | Villager (Male) ×4 |
| 0:04 | Create | Villager (Male) ×4 |
| 0:11 | Build | House |
| 0:44 | Build | House |
| 1:15 | Build | House |
| 2:24 | Create | Villager (Male) |
| 2:24 | Create | Villager (Male) |
| 2:42 | Build | House |
| 2:46 | Create | Villager (Male) |
| 2:46 | Create | Villager (Male) |
| 2:58 | Create | Villager (Male) |
| 2:59 | Create | Villager (Male) |
| 3:25 | Create | Villager (Male) |
| 3:25 | Create | Villager (Male) |
| 3:26 | Create | Villager (Male) |
| 3:40 | Create | Villager (Male) |
| 3:40 | Create | Villager (Male) |
| 4:19 | Create | Villager (Male) |
| 4:19 | Create | Villager (Male) |
| 4:41 | Build | Mill |
| 5:31 | Create | Villager (Male) |
| 5:32 | Create | Villager (Male) |
| 5:32 | Create | Villager (Male) |
| 5:32 | Create | Villager (Male) |
| 5:32 | Create | Villager (Male) |
| 5:33 | Create | Villager (Male) |
| 6:07 | Create | Villager (Male) |
| 7:24 | Build | Lumber Camp |
| 8:19 | Research | Feudal Age |
| 9:21 | Build | Mining Camp |
| 10:08 | Build | House |
| 10:10 | Build | House |
| 10:11 | Build | House |
| 10:12 | Build | House |
| 10:37 | Age | Feudal Age |
| 10:46 | Build | Watch Tower |
| 11:01 | Research | Gold Mining |
| 11:03 | Create | Villager (Male) ×3 |
| 11:03 | Create | Villager (Male) ×3 |
| 11:17 | Research | Horse Collar |
| 11:31 | Build | Farm |
| 11:32 | Build | Farm |
| 11:34 | Build | Farm |
| 11:53 | Build | Mining Camp |
Build order — dhlcool
33 actions detected in the replay
| 0:06 | Create | Villager (Male) |
| 0:06 | Create | Villager (Male) |
| 0:06 | Create | Villager (Male) |
| 0:07 | Create | Villager (Male) |
| 0:07 | Create | Villager (Male) |
| 0:07 | Create | Villager (Male) |
| 0:11 | Build | House |
| 1:14 | Build | House |
| 2:31 | Create | Villager (Male) |
| 2:31 | Create | Villager (Male) |
| 3:25 | Build | Mill |
| 4:31 | Create | Villager (Male) |
| 4:32 | Create | Villager (Male) |
| 4:32 | Create | Villager (Male) |
| 4:32 | Create | Villager (Male) |
| 4:35 | Create | Villager (Male) |
| 4:35 | Create | Villager (Male) |
| 4:36 | Create | Villager (Male) |
| 6:37 | Build | House |
| 7:18 | Build | House |
| 7:34 | Create | Villager (Male) |
| 7:34 | Create | Villager (Male) |
| 7:35 | Create | Villager (Male) |
| 7:35 | Create | Villager (Male) |
| 7:35 | Create | Villager (Male) |
| 7:36 | Create | Villager (Male) |
| 7:36 | Create | Villager (Male) |
| 8:02 | Build | Lumber Camp |
| 10:21 | Research | Feudal Age |
| 11:11 | Build | Mining Camp |
| 11:18 | Create | Villager (Male) |
| 11:18 | Create | Villager (Male) |
| 11:18 | Create | Villager (Male) |
Build order — LynchLord911
60 actions detected in the replay
| 0:09 | Build | House |
| 0:12 | Create | Villager (Male) |
| 0:12 | Create | Villager (Male) |
| 0:12 | Create | Villager (Male) |
| 0:13 | Create | Villager (Male) |
| 0:13 | Create | Villager (Male) |
| 0:39 | Build | House |
| 1:04 | Build | House |
| 1:05 | Build | House |
| 1:23 | Create | Villager (Male) |
| 1:23 | Create | Villager (Male) |
| 1:23 | Create | Villager (Male) |
| 1:58 | Create | Villager (Male) |
| 1:58 | Create | Villager (Male) |
| 2:12 | Build | Mill |
| 2:27 | Create | Villager (Male) |
| 2:28 | Create | Villager (Male) |
| 2:51 | Create | Villager (Male) |
| 2:51 | Create | Villager (Male) |
| 3:12 | Build | House |
| 3:18 | Create | Villager (Male) |
| 3:19 | Create | Villager (Male) |
| 3:19 | Create | Villager (Male) |
| 3:48 | Build | House |
| 4:01 | Create | Villager (Male) |
| 4:02 | Create | Villager (Male) |
| 4:09 | Create | Villager (Male) |
| 4:09 | Create | Villager (Male) |
| 4:09 | Create | Villager (Male) |
| 4:21 | Build | House |
| 4:36 | Create | Villager (Male) |
| 4:36 | Create | Villager (Male) |
| 4:52 | Build | Lumber Camp |
| 5:07 | Create | Villager (Male) |
| 5:07 | Create | Villager (Male) |
| 5:07 | Create | Villager (Male) |
| 5:35 | Create | Villager (Male) |
| 5:35 | Create | Villager (Male) |
| 5:35 | Create | Villager (Male) |
| 6:06 | Create | Villager (Male) |
| 6:07 | Create | Villager (Male) |
| 6:07 | Create | Villager (Male) |
| 6:19 | Build | House |
| 6:46 | Create | Villager (Male) |
| 6:46 | Create | Villager (Male) |
| 7:12 | Build | Barracks |
| 7:25 | Create | Villager (Male) |
| 7:25 | Create | Villager (Male) |
| 7:25 | Create | Villager (Male) |
| 7:41 | Create | Villager (Male) |
| 7:42 | Create | Villager (Male) |
| 7:42 | Create | Villager (Male) |
| 7:42 | Create | Villager (Male) |
| 8:16 | Build | House |
| 8:18 | Build | House |
| 8:20 | Build | House |
| 8:22 | Build | House |
| 8:24 | Build | House |
| 8:27 | Build | House |
| 9:27 | Create | Villager (Male) |
Build order — 东哥
40 actions detected in the replay
| 0:03 | Research | Loom |
| 0:03 | Research | Loom |
| 0:04 | Create | Villager (Male) |
| 0:04 | Create | Villager (Male) |
| 0:05 | Create | Villager (Male) |
| 0:05 | Create | Villager (Male) |
| 0:06 | Create | Villager (Male) |
| 0:20 | Build | House |
| 0:53 | Build | Mill |
| 1:05 | Build | House |
| 1:09 | Build | House |
| 2:22 | Create | Villager (Male) |
| 2:22 | Create | Villager (Male) |
| 2:53 | Create | Villager (Male) |
| 2:53 | Create | Villager (Male) |
| 3:33 | Create | Villager (Male) |
| 3:33 | Create | Villager (Male) |
| 3:34 | Create | Villager (Male) |
| 4:20 | Create | Villager (Male) |
| 4:21 | Create | Villager (Male) |
| 5:02 | Create | Villager (Male) |
| 5:02 | Create | Villager (Male) |
| 5:14 | Create | Villager (Male) |
| 5:14 | Create | Villager (Male) |
| 5:14 | Create | Villager (Male) |
| 5:15 | Create | Villager (Male) |
| 5:28 | Create | Villager (Male) |
| 5:28 | Create | Villager (Male) |
| 6:20 | Build | Lumber Camp |
| 6:33 | Create | Villager (Male) |
| 6:35 | Create | Villager (Male) |
| 6:35 | Create | Villager (Male) |
| 8:18 | Research | Feudal Age |
| 9:12 | Build | Mining Camp |
| 10:02 | Build | Mining Camp |
| 10:28 | Age | Feudal Age |
| 10:34 | Research | Wheelbarrow |
| 10:38 | Research | Double-Bit Axe |
| 10:56 | Build | House |
| 11:04 | Research | Horse Collar |
Match timeline
| 7:12 | LynchLord911 · first_building Barracks |
| 10:28 | 东哥 · age_up feudal |
| 10:37 | hzy · age_up feudal |
| 11:33 | LynchLord911 · resign |
[ AI ANALYSIS · 1 CREDIT ]
What really happened in this match?
Wolo.gg analyzes every decision: build order, eco, micro, common mistakes by bracket. Personalized analysis on WhatsApp or Discord in 30 seconds.
Civ guide
Britons
Perfil
Jugador #24468476